 Dungeon Crawl Stone Soup version 0.20.1-1-g8b1a95d (webtiles) character file.

258 vatarom the Firebug (level 5, -19/40 HPs)
             Began as a Demonspawn Fire Elementalist on Oct 10, 2017.
             Demolished by an ogre
             ... wielding a +0 giant club
              (27 damage)
             ... on level 4 of the Dungeon.
             The game lasted 00:11:16 (2932 turns).

vatarom the Firebug (Demonspawn Fire Elementalist)  Turns: 2932, Time: 00:11:17

Health: -19/40     AC:  2    Str:  8    XL:     5   Next: 94%
Magic:  2/9        EV: 12    Int: 17    God:
Gold:   160        SH:  0    Dex: 14    Spells: 4/10 levels left

rFire    + + .     SeeInvis .   p - +0 dagger (elec)
rCold    x . .     Gourm    .   (no shield)
rNeg     . . .     Faith    .   a - +0 robe
rPois    .         Spirit   .   (helmet restricted)
rElec    .         Reflect  .   (no cloak)
rCorr    +         Harm     .   (no gloves)
MR       .....                  (no boots)
Stlth    ++........             (no amulet)
Regen    0.6/turn               h - ring of fire
MPRegen  0.2/turn               m - ring of resist corrosion

@: no status effects
A: horns 1, fire resistance 1, regeneration 1
a: no special abilities


You were on level 4 of the Dungeon.
You were not hungry.

You visited 1 branch of the dungeon, and saw 4 of its levels.

You collected 160 gold pieces.

Inventory:

Hand Weapons
 p - a +0 dagger of electrocution (weapon)
Armour
 a - a +0 robe (worn)
Jewellery
 h - a ring of fire (left hand)
 m - a ring of resist corrosion (right hand)
Scrolls
 g - 2 scrolls of teleportation
 n - a scroll of fog
 o - a scroll of remove curse {unknown}
 q - a scroll of amnesia {unknown}
Potions
 e - a potion of agility
 f - 3 potions of curing
 j - a potion of ambrosia {unknown}
Books
 b - a book of Flames

   Spells                             Type                      Level
   a - Flame Tongue                   Conjuration/Fire             1
   b - Throw Flame                    Conjuration/Fire             2
   c - Conjure Flame                  Conjuration/Fire             3
   d - Inner Flame                    Hexes/Fire                   3
   e - Sticky Flame                   Conjuration/Fire             4
   f - Fireball                       Conjuration/Fire             5
Comestibles
 c - 3 bread rations
 i - a royal jelly
 l - a meat ration


   Skills:
 + Level 2.8 Fighting
 - Level 1.7 Dodging
 - Level 1.7 Stealth
 + Level 3.0 Spellcasting
 + Level 2.6 Conjurations
 * Level 4.1 Fire Magic


You had 4 spell levels left.
You knew the following spells:

 Your Spells              Type           Power        Failure   Level  Hunger
a - Flame Tongue          Conj/Fire      ###..        4%          1    None
b - Throw Flame           Conj/Fire      ###...       6%          2    ##.....
c - Conjure Flame         Conj/Fire      ###.....     13%         3    ###....


Dungeon Overview and Level Annotations

Branches:
Dungeon (4/15)
 Temple: D:4-7

Altars:
Fedhas
Okawaru


Innate Abilities, Weirdness & Mutations

You have a pair of small horns on your head.
Your flesh is heat resistant. (rF+)
Your natural rate of healing is unusually fast.


Message History

The ogre barely misses you.
You hit the ogre.
The ogre is heavily wounded.
You closely miss the ogre.
The ogre is heavily wounded.
The ogre hits you with a giant club!
Casting: Flame Tongue
Confirm with . or Enter, or press ? or * to list all spells.
Aiming: Flame Tongue
Press: ? - help, Shift-Dir - straight line, f/p - ogre
Aim: an ogre, wielding a giant club (heavily wounded)
You feel a surge of power!
The flame tongue hits the ogre.
The ogre is almost dead.
The ogre hits you with a giant club!
* * * LOW HITPOINT WARNING * * *
You hit the ogre but do no damage.
The ogre is almost dead.
The ogre hits you with a giant club!!
Ouch! That really hurt!
You die...

######## #......#
#.<....# #######
#......####......
#...........#########
####.......##..........#
.........§###..........#
####....§O.............##
#....@.###............
####.### #######.....#
#..#### #####<. #.....###
#.. #####O..## #..
###..### ...
..##########...###. .##
.............(.......
..#.........#..#####


You could see an ogre.

Vanquished Creatures
  A scorpion (D:3)
  A crimson imp (D:3)
  A hound (D:4)
  Jessica (D:2)
  A worker ant (D:4)
  An adder (D:2)
  4 worms
  2 dart slugs
  A leopard gecko (D:1)
  4 orcs (D:3)
  5 giant cockroaches
  8 goblins
  9 hobgoblins
  3 jackals (D:2)
  10 bats
  2 frilled lizards
  7 kobolds
  6 rats
67 creatures vanquished.

Notes
Turn   | Place    | Note
-------+----------+-------------------------------------------
     0 | D:1      | vatarom the Demonspawn Fire Elementalist began the quest for the Orb.
     0 | D:1      | Reached XP level 1. HP: 13/13 MP: 3/3
   432 | D:1      | Gained mutation: You have a pair of small horns on your head. [demonic ancestry]
   432 | D:1      | Reached XP level 2. HP: 20/20 MP: 1/5
   509 | D:1      | Reached skill level 1 in Fighting
   905 | D:2      | Reached skill level 3 in Fire Magic
   905 | D:2      | Reached XP level 3. HP: 24/26 MP: 1/6
   922 | D:2      | Learned a level 2 spell: Throw Flame
   926 | D:2      | Learned a level 3 spell: Conjure Flame
  1775 | D:2      | Gained mutation: Your natural rate of healing is unusually fast. [potion of mutation]
  1775 | D:2      | Gained mutation: Your flesh is heat resistant. (rF+) [potion of mutation]
  1920 | D:2      | Noticed Jessica
  1924 | D:2      | Killed Jessica
  1924 | D:2      | Reached XP level 4. HP: 18/33 MP: 4/7
  2271 | D:3      | Found a blossoming altar of Fedhas.
  2399 | D:3      | Found an iron altar of Okawaru.
  2477 | D:3      | Reached XP level 5. HP: 39/39 MP: 2/9
  2717 | D:4      | Noticed an ogre
  2744 | D:3      | Reached skill level 4 in Fire Magic
  2932 | D:4      | Demolished by an ogre

Skill      XL: |  1  2  3  4  5 |
---------------+----------------+-----
Fighting       | 1 2 |  2.8
Fire Magic     | 3 4 |  4.1
Conjurations   | 2 |  2.6
Spellcasting   | 3 |  3.0
Dodging        | |  1.7
Stealth        | |  1.7

Action                   |  1- 3 |  4- 6 || total
-------------------------+-------+-------++-------
Melee: Unarmed           |     1 |       ||     1
       Dagger            |    25 |    17 ||    42
       Headbutt          |     1 |     1 ||     2
 Cast: Flame Tongue      |    64 |    51 ||   115
       Conjure Flame     |       |     2 ||     2
  Use: Scroll            |     7 |       ||     7
       Potion            |     2 |     4 ||     6
 Stab: Sleeping          |     5 |       ||     5
  Eat: Chunk             |     2 |     1 ||     3
       Bread ration      |     1 |       ||     1
Armor: Robe              |    14 |     6 ||    20
       Skin              |     5 |     5 ||    10
Dodge: Dodged            |    40 |    38 ||    78
